 Dungeon Crawl Stone Soup version 0.31-a0-1612-g4aaf141004 (webtiles) character file.

Game seed: 7769111731572854062

102 AstroCodex24 the Covered (level 4, -10/38 HPs)
             Began as a Demigod Fighter on Jan 9, 2024.
             Killed by divine providence
             ... invoked by an orc priest
              (11 damage)
             ... on level 4 of the Dungeon.
             The game lasted 00:03:28 (812 turns).

AstroCodex24 the Covered (Demigod Fighter)           Turns: 812, Time: 00:03:28

Health: -10/38     AC:  9    Str: 21    XL:     4   Next: 26%
Magic:  6/6        EV: 10    Int: 10    God:
Gold:   38         SH:  4    Dex: 13    Spells: 3/3 levels left

rFire   . . .        a - +0 war axe
rCold   . . .        c - +0 buckler
rNeg    . . .        i - +4 ring mail
rPois   .            (no helmet)
rElec   .            (no cloak)
rCorr   .            (no gloves)
SInv    .            (no boots)
Will    .....        (no amulet)
Stlth   +            (no ring)
HPRegen 0.26/turn    (no ring)
MPRegen 0.10/turn

%: no passive effects
@: no status effects
A: high MP 1, forlorn, divine attributes
a: no special abilities


You were on level 4 of the Dungeon.
You visited 1 branch of the dungeon, and saw 4 of its levels.

You collected 38 gold pieces.

Inventory:

Hand Weapons
 a - a +0 war axe (weapon)
Armour
 c - a +0 buckler (worn)
 i - a +4 ring mail (worn)
Wands
 k - a wand of flame (4)
Scrolls
 e - a scroll of noise {unknown}
 g - 2 scrolls of silence {unknown}
Potions
 b - a potion of brilliance {unknown}
 d - a potion of might
 f - a potion of degeneration {unknown}
 h - a potion of mutation {unknown}
 j - a potion of resistance {unknown}


   Skills:
 + Level 3.1 Fighting
 + Level 2.9 Axes
 + Level 3.3 Armour
 + Level 0.5 Dodging
 + Level 3.1 Shields


You had 3 spell levels left.
You didn't know any spells.
Your spell library contained the following spells:

 Spells                   Type           Power      Damage    Failure   Level
 Call Canine Familiar     Summ           0%         N/A       92%         3
 Sigil of Binding         Hex            0%         N/A       92%         3
 Tukima's Dance           Hex            0%         N/A       92%         3
 Dimensional Bullseye     Hex/Tloc       0%         N/A       100%        4
 Passage of Golubria      Tloc           0%         N/A       100%        4
 Yara's Violent Unravell  Hex/Alch       0%         3d3       100%        5


Dungeon Overview and Level Annotations

Branches:
Dungeon (4/15)
 Temple: D:4-7


Innate Abilities, Weirdness & Mutations

You have an increased reservoir of magic. (+10% MP)
You shall have no god before yourself.
Your divine heritage dramatically boosts your attributes as you level up.


Message History

The orc is almost dead.
You closely miss something. You slash the orc!
You kill the orc!
The orc hits you with a +0 club.
* * * LOW HITPOINT WARNING * * *
Something completely misses you.
You slash the orc!
You kill the orc!
You hit something.
You hit the orc priest but do no damage.
The orc priest completely misses you. Something hits you but does no damage.
The orc priest hits you with a +0 dagger.
* * * LOW HITPOINT WARNING * * *
Something hits you but does no damage.
Aiming: Throw Flame
Press: ? - help, Q - select action Shift-Dir - straight line, f - orc priest
Aim: an orc priest, wielding a +0 dagger and wearing a +0 chain mail (77% to hit)
The puff of flame hits the orc priest but does no damage.
The orc priest hits you but does no damage.
Something hits you but does no damage.
You completely miss the orc priest. You closely miss something.
The orc priest invokes the aid of Beogh against you.
You barely resist. Something hits you.
* * * LOW HITPOINT WARNING * * *
Aiming: Throw Flame
Press: ? - help, Q - select action Shift-Dir - straight line, f/p - orc priest
Aim: an orc priest, wielding a +0 dagger and wearing a +0 chain mail (77% to hit)
The puff of flame hits the orc priest but does no damage.
The orc priest begins to cast a cantrip, but forgets the words!
You hear some strange, mumbled words.
A puff of flame appears from out of thin air!
The puff of flame hits you!
* * * LOW HITPOINT WARNING * * *
Aiming: Throw Flame
Press: ? - help, Q - select action Shift-Dir - straight line, p - orc priest The puff of flame hits something.
The orc priest barely misses you. Something hits you but does no damage.
The orc priest invokes the aid of Beogh against you.
Beogh smites you!
You die...

............
#.........#
#.........#
+.........#
#.........#
#.......#
#...{o..#
#..)....#
#...@...#
#.......#
#.......#
...........
...............
...............
...............
...............


You could see an orc priest.

Vanquished Creatures
  An iguana (D:4)
  Ijyb (D:3)
  2 adders (D:2)
  A ribbon worm (D:2)
  2 dart slugs
  2 orcs (D:4)
  3 endoplasms
  2 giant cockroaches
  4 goblins
  3 quokkas
  A bat (D:2)
  3 frilled lizards
  3 kobolds (D:2)
  3 rats
31 creatures vanquished.

Notes
Turn   | Place    | Note
-------+----------+-------------------------------------------
     0 | D:1      | AstroCodex24 the Demigod Fighter began the quest for the
                  | Orb.
     0 | D:1      | Reached XP level 1. HP: 18/18 MP: 3/3
   246 | D:2      | Reached XP level 2. HP: 25/25 MP: 4/4
   451 | D:2      | Reached XP level 3. HP: 26/31 MP: 5/5
   727 | D:3      | Noticed Ijyb
   744 | D:3      | Killed Ijyb
   806 | D:4      | Reached XP level 4. HP: 11/38 MP: 6/6
   810 | D:4      | HP: 1/38 [something/puff of flame (7)]
   812 | D:4      | Killed from afar by an orc priest

Illustrated notes

Levels and vault maps discovered:
D:1:      saegor_arrival_simple_d, layout_basic, minmay_circled_x
D:2:      layout_basic, ebering_ecumenical_altar_ruins, grunt_decor_fettered,
          uniq_jessica, uniq_sigmund
D:3:      layout_loops_ring, mainiacjoe_overflow_brackets, lemuel_crystal_altar,
          gammafunk_ghost_cemetery, serial_shops, shop, uniq_ijyb
D:4:      layout_gridville, lemuel_doored_altar, roderic_malta_cross

Skill      XL: |  1  2 |
---------------+-------+-----
Fighting       | 3 |  3.1
Axes           | 2 |  2.9
Armour         | 3 |  3.3
Shields        | 3 |  3.1
Dodging        | |  0.5

Action                     |  1- 3 |  4- 6 || total
---------------------------+-------+-------++-------
  Melee: War axe           |    74 |     3 ||    77
  Evoke: Wand              |       |     3 ||     3
 Armour: Scale mail        |    63 |       ||    63
         Ring mail         |    33 |     9 ||    42
  Dodge: Dodged            |    82 |     3 ||    85
  Block: Buckler           |    31 |       ||    31

Table legend: (Time is in decaauts)
 A = Elapsed time spent in this place.
 B = Non-inter-level travel time spent in this place.
 C = Inter-level travel time spent in this place.
 D = Time resting spent in this place.
 E = Time spent auto-exploring this place.
 F = Levels seen in this place.
 G = Mean time per level.
                   A        B        C        D        E       F      G
               +--------+--------+--------+--------+--------+-----+--------+
         Total |    844 |    843 |      1 |      0 |      0 |   4 |  211.0 |
       Dungeon |    844 |    843 |      1 |      0 |      0 |   4 |  211.0 |
               +--------+--------+--------+--------+--------+-----+--------+

Top non-repeatable levels by time:
     D:2: 503 daAuts
     D:3: 257 daAuts
     D:1: 61 daAuts
     D:4: 21 daAuts
